 Dungeon Crawl Stone Soup version 0.19-a0-1021-g80cc50c (webtiles) character file.

663564 4thArraOfDagon the Imperceptible (level 26, -9/109 HPs)
             Began as a Felid Wanderer on July 26, 2016.
             Was a Follower of Uskayaw.
             Killed by divine providence
             ... invoked by a daeva
              (18 damage)
             ... on level 12 of a ziggurat on July 27, 2016.
             The game lasted 04:18:53 (35645 turns).

4thArraOfDagon the Imperceptible (Felid Wanderer)  Turns: 35645, Time: 04:18:54

Health: -9/109     AC: 18    Str: 14    XL:     26   Next: 47%
Magic:  5/38       EV: 37    Int: 25    God:    Uskayaw [*.....]
Gold:   1636       SH:  0    Dex: 16    Spells: 11 memorised, 3 levels left
                                        Lives:  0   Deaths: 7

rFire  + . .     SeeInvis +       - Unarmed
rCold  + . .     Gourm    .     (armour unavailable)
rNeg   . . .     Faith    .     (shield unavailable)
rPois  .         Spirit   .     (helmet unavailable)
rElec  .         Dismiss  .     (cloak unavailable)
rCorr  .         Reflect  .     (gloves unavailable)
SustAt .         Harm     +     (boots unavailable)
MR     +++..                    y - amulet "Ceugomug" {Harm *Drain Str+2 Slay+4}
Stlth  +++++.....               J - +5 ring of strength
                                O - ring of Robustness {AC+8}

@: very slightly contaminated, regenerating, hasted, glowing, studying 2 skills,
very quick, extremely resistant to hostile enchantments, quite stealthy
A: no armour, no weapons or thrown items, claws 1, fangs 3, horns 1, icy blue
scales 1, rough black scales 1, thin metallic scales 1, see invisible, carnivore
3, fire resistance 1, speed 1, frail 2, screaming 2, shaggy fur 3, slow
metabolism 1, wild magic 1, MP-powered wands, sharp paws
a: Stomp, Renounce Religion
}: 6/15 runes: barnacled, silver, golden, abyssal, demonic, gossamer


You were on level 12 of a ziggurat.
You worshipped Uskayaw.
Uskayaw was most pleased with you.
You were very full.

You visited 11 branches of the dungeon, and saw 51 of its levels.
You visited Pandemonium 2 times, and saw 13 of its levels.
You visited the Abyss 1 time.
You visited 2 ziggurats, and saw 19 of their levels (deepest: 12).
You also visited: Labyrinth, Sewer, Bailey and Ice Cave.

You collected 7345 gold pieces.
You spent 5709 gold pieces at shops.

Inventory:

Jewellery
 e - an uncursed ring of positive energy
 r - an uncursed ring of ice
 u - the amulet of the Eight Hells {Faith rPois rF+ Int-5 Slay+5}
   (You found it on level 9 of a ziggurat)

   [amulet of faith]

   It allows you to gain divine favour quickly.
   It affects your intelligence (-5).
   It affects your accuracy and damage with ranged weapons and melee attacks
   (+5).
   It protects you from fire.
   It protects you from poison.
 y - the amulet "Ceugomug" (around neck) {Harm *Drain Str+2 Slay+4}
   (You took it off a deep elf annihilator on level 3 of the Elven Halls)

   [amulet of harm]

   It increases damage dealt and taken.
   It affects your strength (+2).
   It affects your accuracy and damage with ranged weapons and melee attacks
   (+4).
   It causes draining when unequipped.
 E - an uncursed ring of flight
 J - a +5 ring of strength (right paw)
 O - the ring of Robustness (left paw) {AC+8}
   (You bought it in a shop on level 12 of the Dungeon)

   [ring of protection]

   It affects your AC (+8).
 Y - an uncursed ring of protection from fire
Wands
 h - a wand of teleportation (2/9)
 l - a wand of teleportation (2/9)
 G - a wand of disintegration (4/24)
 R - a wand of hasting (2/9)
 U - a wand of acid (9/15)
 V - a wand of digging (4/24)
 W - a wand of iceblast (7/15)
 Z - a wand of paralysis (10/24)
Scrolls
 b - 2 scrolls of blinking
 c - 6 scrolls of fog
 d - 7 scrolls of teleportation
 j - 5 scrolls of holy word
 m - 14 scrolls of remove curse
 p - 2 scrolls of magic mapping
 q - 10 scrolls of immolation
 v - 6 scrolls of identify
 D - 6 scrolls of recharging
 L - 2 scrolls of fear
 P - 3 scrolls of summoning
 S - 6 scrolls of vulnerability
Potions
 a - 11 potions of cure mutation
 g - 7 potions of might
 k - a potion of agility
 n - a potion of beneficial mutation
 s - 3 potions of flight
 t - 11 potions of curing
 x - 8 potions of brilliance
 C - 3 potions of ambrosia
 H - 4 potions of invisibility
 K - 2 potions of berserk rage
 M - 2 potions of magic
 N - 5 potions of resistance
Books
 w - a book of Burglary

   Spells                             Type                      Level
   a - Swiftness                      Charms/Air                   2
   b - Passwall                       Transmutation/Earth          2
   c - Passage of Golubria            Translocation                4
   d - Lee's Rapid Deconstruction     Earth                        5
   e - Darkness                       Hexes                        6
   f - Invisibility                   Hexes                        6
 Q - a manual of Stealth
 X - a manual of Summonings
Miscellaneous
 o - a lamp of fire
 z - a phial of floods (inert)
 A - 7 phantom mirrors
 B - 6 boxes of beasts
 F - a fan of gales
 I - 6 sacks of spiders
 T - a disc of storms
Comestibles
 f - 22 meat rations


   Skills:
 - Level 23.3 Fighting
 - Level 25.0 Dodging
 - Level 26.0 Stealth
 - Level 18.1 Unarmed Combat
 - Level 10.2 Spellcasting
 - Level 4.0 Charms
 - Level 3.7 Necromancy
 - Level 23.0 Translocations
 - Level 12.3 Transmutations
 - Level 10.2 Earth Magic
 * Level 19.2 Invocations
 - Level 2.1 Evocations


You had 3 spell levels left.
You knew the following spells:

 Your Spells              Type           Power        Failure   Level  Hunger
a - Regeneration          Chrm/Necr      #####.....   6%          3    None
b - Shroud of Golubria    Chrm/Tloc      #######...   1%          2    None
c - Controlled Blink      Tloc           N/A          6%          8    #######
d - Passwall              Tmut/Erth      ######....   1%          2    None
e - Statue Form           Tmut/Erth      ######...    14%         6    #####..
f - Dragon Form           Tmut           #######...   38%         7    #######
g - Apportation           Tloc           ########..   1%          1    None
h - Animate Skeleton      Necr           N/A          2%          1    None
i - Passage of Golubria   Tloc           N/A          1%          4    None
j - Sublimation of Blood  Necr           #####.....   2%          2    None
k - Deflect Missiles      Chrm/Air       ####......   100%        6    #####..


Dungeon Overview and Level Annotations

Branches:
Dungeon (15/15)            Temple (1/1) D:5            Lair (6/6) D:8
 Shoals (4/4) Lair:4       Spider (4/4) Lair:3        Slime (0/5) Lair:5
    Orc (2/2) D:9             Elf (3/3) Orc:2        Vaults (5/5) D:13
  Crypt (3/3) Vaults:2       Tomb (3/3) Crypt:3      Depths (5/5) D:15
    Zot (0/5) Depths:5

Altars:
Ashenzari
Cheibriados
Dithmenos
Fedhas
Gozag
Kikubaaqudgha
Nemelex Xobeh
Okawaru
Qazlal
Ru
Uskayaw
Vehumet
Xom
Yredelemnul
Zin
The Shining One
Beogh
Jiyva

Shops:
D:5 %(%   D:10 ?   D:12 =   D:13 *   Orc:2 *}::(   Shoals:3 }   Vaults:1 %
Vaults:2 !

Portals:
Hell: Depths:2 Depths:3 Depths:4 Depths:5
Abyss: Depths:4
Pandemonium: Depths:1 Depths:2 Depths:3

Annotations:
D:5 exclusion: door, Dowan, Duvessa
D:12 exclusion: upstairs
Lair:1 Grum
Lair:5 1 runed door
Lair:6 Protee's ghost, journeyman DrTm
Shoals:4 Ilsuiw


Innate Abilities, Weirdness & Mutations

You cannot wear armour.
You are incapable of wielding weapons or throwing items.
You have sharp claws.
You have razor-sharp teeth.
You have supernaturally acute eyesight. (SInv)
You are carnivorous and can eat meat at any time.
You cover ground quickly.
Your thick and shaggy fur keeps you warm. (AC +3, rC+)
You have a slow metabolism.
Your sharp claws are effective at attacking unaware monsters.
You have a pair of small horns on your head.
You are partially covered in icy blue scales. (AC +1)
You are partially covered in rough black scales. (AC +4, Dex -1)
You are partially covered in thin metallic scales. (AC +2)
Your flesh is heat resistant. (rF+)
You are very frail. (-20% HP)
You sometimes yell uncontrollably at your foes.
Your spells are a little harder to cast, but a little more powerful.
You expend magic power (3 MP) to strengthen your wands.


Message History

* * * LOW HITPOINT WARNING * * *
The daeva misses you.
Found eleven items.
Found two gates leading back out of this place.
Found a stone staircase leading down.
Unknown command.
Unknown command.
Casting: Controlled Blink
Confirm with . or Enter, or press ? or * to list all spells.
Blink to where?
Press: ? - help, Dir - move target cursor The cherub unwields an uncursed falchion of flaming.
It stops flaming.
The cherub wields a glowing shortbow.
It bursts into flame!
The cherub shoots an arrow.
The arrow hits you but does no damage.
The daeva calls down the wrath of the Shining One upon you.
The Shining One smites you!
* * * LOW HITPOINT WARNING * * *
The daeva calls down the wrath of the Shining One upon you.
The Shining One smites you!
You die...

▓▓▓▓▓▓▓▓▓▓▓
▓.........▓
▓##....AA.##▓▓
▓▓.##.......##.▓
▓▓:.A..A.........
▓▓AA....Y.........
▓▓∩|DY.DDA.........
▓|>)AA...§.........
▓▓@!!AA.Y.§........
▓▓)\A...§§§§......
▓▓......§§§......
▓▓.##..§§§..##.▓
▓##.....^.##▓▓
▓....§....▓
▓▓▓▓▓▓▓▓▓▓▓


You could see 3 apis, 6 daevas, 3 pearl dragons, an angel and 3 cherubim.

Vanquished Creatures
  Khufu (Crypt:3)
  3 ancient liches
  2 juggernauts
  Mennas (Crypt:2)
  27 greater mummies
  2 pandemonium lords
  Frederick (Vaults:2)
  Boris (Crypt:3)
  3 Killer Klowns (Zig:6)
  2 caustic shrikes
  Saint Roka (Crypt:3)
  3 golden dragons
  Nikola (Shoals:2)
  2 bone dragons
  An electric golem (Zig:8)
  11 liches
  A Hell Sentinel (Pan)
  4 tentacled monstrosities
  6 Ice Fiends
  A quicksilver dragon (Depths:4)
  7 titans
  Asterion (Elf:3)
  2 deep elf blademasters (Elf:3)
  2 deep elf master archers (Elf:3)
  Polyphemus (Shoals:2)
  15 Executioners (Pan)
  4 ancient champions
  2 tentacled starspawn (Abyss:2)
  11 storm dragons
  13 sphinxes
  11 tengu reavers
  2 revenants
  A draconian monk (Depths:5)
  Donald (Shoals:2)
  2 greater nagas (Zig:7)
  8 shadow dragons
  13 fire giants
  2 warmongers (Pan)
  A fire giant (shapeshifter) (Zig:6)
  9 vault wardens
  2 balrugs (Pan)
  6 deep elf sorcerers
  11 frost giants
  An orc warlord (Orc:2)
  5 ghost moths
  A ghost moth (shapeshifter) (Vaults:5)
  6 emperor scorpions (Spider:4)
  An iron dragon (Vaults:5)
  2 draconian knights
  7 reapers
  A ghoul (Crypt:3)
  A curse skull (Pan)
  8 cacodemons (Pan)
  Aizul (Spider:2)
  30 stone giants
  5 deep elf elementalists (Elf:3)
  22 ironheart preservers
  26 very ugly things
  6 vampire knights
  2 entropy weavers (Spider:2)
  8 deep elf demonologists
  5 war gargoyles
  A green draconian (Depths:5)
  A stone giant (shapeshifter) (Vaults:5)
  Nessos (D:15)
  2 bennus (Tomb:1)
  2 lorocyprocas (Pan)
  A chaos champion (Pan)
  2 yellow draconians (Depths:5)
  9 deep elf annihilators
  3 black suns (Pan)
  A mottled draconian (Depths:5)
  2 purple draconians (Depths:5)
  An eidolon (Zig:3)
  6 dire elephants (Lair:6)
  The ghost of Fenrir042 the Basher, a journeyman MiBe of Trog (D:14)
  8 spark wasps
  A red draconian (Depths:5)
  4 green deaths (Pan)
  13 ettins
  4 crystal guardians
  3 blizzard demons
  22 mummy priests
  4 merfolk impalers
  6 deep elf death magi
  2 minotaurs
  A quicksilver dragon skeleton (Tomb:1)
  A minotaur (shapeshifter) (Vaults:5)
  10 great orbs of eyes
  7 merfolk javelineers
  2 jiangshi
  8 deep elf high priests
  22 vault guards
  2 rakshasas
  13 yaktaur captains
  6 fire dragons
  6 ice dragons
  10 hydras
  2 hell beasts (Pan)
  15 centaur warriors
  2 spriggan air magi
  A merfolk avatar (Shoals:4)
  2 anacondas
  A death knight (Zig:5)
  3 merfolk aquamancers (Shoals:4)
  A catoblepas (Shoals:2)
  7 tengu warriors
  3 alligators
  12 deep troll shamans
  12 dancing weapons
  18 ogre magi
  10 death yaks
  2 vampire magi
  33 death scarabs
  9 deep troll earth magi
  A thrashing horror (Abyss:2)
  3 orc high priests
  A shock serpent (Zig:8)
  6 spriggan berserkers
  A titan zombie (Crypt:3)
  13 sun demons (Pan)
  10 hell knights
  3 soul eaters
  8 deep elf knights
  A titan skeleton (Crypt:3)
  6 shadow wraiths
  19 skeletal warriors
  4 spriggans
  3 infernal demonspawn (Pan)
  6 iron trolls (Depths:2)
  3 wretched stars (Abyss:3)
  2 unseen horrors
  7 sea snakes
  A death drake (shapeshifter) (Vaults:5)
  2 golden dragon zombies
  An unseen horror (shapeshifter) (Depths:2)
  3 flayed ghosts
  17 large abominations
  An orange crystal statue (Zig:7)
  45 deep trolls
  11 deep elf archers
  5 putrid demonspawn (Pan)
  4 shadow demons (Pan)
  4 gelid demonspawn (Pan)
  6 torturous demonspawn (Pan)
  9 ironbrand convokers
  3 wizards
  A hill giant (shapeshifter) (Vaults:5)
  10 orc knights
  A wolf spider zombie (D:14)
  15 harpies
  7 phantasmal warriors
  21 anubis guards
  5 hill giants
  8 orb spiders
  A mana viper (Zig:7)
  An iron dragon zombie (Tomb:3)
  8 necromancers
  2 shadow dragon skeletons
  11 hornets
  21 wolf spiders
  8 cyclopes
  46 ugly things
  48 deep elf magi
  8 oklob plants
  A tengu skeleton (Zig:4)
  4 manticores
  A faun (Shoals:2)
  6 griffons
  2 mana vipers (shapeshifter)
  4 elephants (Lair:6)
  A salamander (Depths:5)
  6 orc sorcerers
  5 sixfirhies
  A moth of wrath (shapeshifter) (Depths:2)
  3 sirens (Shoals:4)
  Maurice (D:10)
  A stone giant zombie (Zig:4)
  A guardian serpent (shapeshifter) (Vaults:4)
  5 ice statues
  A black mamba (shapeshifter) (Depths:1)
  A dire elephant zombie (Crypt:2)
  A moth of wrath (Zig:9)
  3 naga magi
  An apocalypse crab (Abyss:2)
  2 water nymphs
  3 rust devils (Pan)
  A torpor snail (shapeshifter) (Elf:1)
  11 black mambas
  A hell hog skeleton (Crypt:1)
  A guardian serpent (Zig:7)
  16 vault sentinels
  11 spiny frogs
  6 smoke demons (Pan)
  6 hellions
  10 orange demons (Pan)
  A rime drake (Lair:3)
  2 human zombies (Vaults:3)
  A kobold demonologist (D:15)
  10 freezing wraiths
  2 ancient zymes (Abyss:2)
  6 komodo dragons
  4 torpor snails
  16 demonic crawlers
  54 yaktaurs
  2 anaconda simulacra (IceCv)
  An efreet (Pan)
  A death yak skeleton (Crypt:1)
  8 tengu conjurers
  7 ice devils
  7 red devils (Pan)
  2 tormentors (Pan)
  A hellwing (Pan)
  A harpy zombie (Tomb:1)
  18 guardian mummies
  23 jumping spiders
  7 merfolk
  2 queen bees
  10 trolls
  8 meliai
  A polar bear (Lair:4)
  A polar bear (shapeshifter) (Depths:4)
  A two-headed ogre (shapeshifter) (Vaults:4)
  25 two-headed ogres
  A giant leech (Zig:11)
  A tengu simulacrum (Vaults:3)
  4 bog bodies (Zig:11)
  A shadow dragon simulacrum (Vaults:3)
  4 raiju (Zig:8)
  14 slime creatures
  A wind drake (Shoals:3)
  A blink frog (Lair:2)
  A harpy skeleton (Crypt:2)
  2 boulder beetles (Vaults:3)
  A fire dragon zombie (Tomb:3)
  7 snapping turtles
  4 small abominations
  10 ushabtiu
  3 air elementals
  A frost giant simulacrum (Vaults:3)
  A redback (shapeshifter) (Depths:2)
  2 vampires (Vaults:2)
  5 ynoxinuls
  A shadow (Crypt:1)
  64 redbacks
  20 tarantellas
  24 flying skulls
  15 water elementals
  2 dire elephant simulacra (IceCv)
  3 wraiths
  2 fire elementals
  A golden eye (shapeshifter) (Vaults:1)
  3 wyverns
  39 yaks
  An elf simulacrum (Zig:6)
  3 basilisks
  7 neqoxecs (Pan)
  A human simulacrum (Vaults:3)
  3 hungry ghosts
  2 vampire mosquitoes (Zig:11)
  8 chaos spawn
  A yaktaur simulacrum (Vaults:2)
  6 hippogriffs
  6 insubstantial wisps
  A swamp worm (shapeshifter) (Zig:10)
  8 wargs
  A naga (shapeshifter) (Elf:1)
  2 iron troll simulacra (IceCv)
  5 hydra simulacra
  A naga (Zig:7)
  A giant eyeball (Depths:4)
  15 water moccasins
  40 orc warriors
  8 porcupines
  5 ice beasts
  3 sky beasts
  4 eyes of draining
  4 swamp drakes
  85 ogres
  12 boggarts
  6 wasps
  A black bear (Lair:2)
  6 necrophages (Lair:3)
  24 centaurs
  11 crocodiles
  8 wolves
  8 big kobolds
  12 giant frogs
  An earth elemental (Elf:3)
  A wyvern zombie (D:9)
  5 gnoll sergeants (D:9)
  A scorpion (D:8)
  34 killer bees
  A warg skeleton (Crypt:2)
  4 wights
  An electric eel (Lair:3)
  2 howler monkeys (D:7)
  4 centaur zombies
  2 quasits
  4 crimson imps
  10 hounds
  8 orc priests
  2 jellies
  An iron imp (Zig:4)
  4 centaur skeletons
  8 iguanas
  25 orc wizards
  A lightning spire (Zig:9)
  5 worker ants
  29 sheep
  2 tengu zombies
  A hound zombie (D:10)
  33 mummies
  2 gnolls
  13 adders
  36 river rats
  2 shadow imps
  A white imp (Abyss:2)
  3 oozes
  A worm zombie (Crypt:2)
  An adder skeleton (D:5)
  An iguana skeleton (Crypt:1)
  3 worms
  2 dart slugs
  7 giant geckos
  75 orcs
  9 bats
  2 giant cockroaches
  6 hobgoblins
  4 jackals (D:5)
  5 quokkas
  2 ball pythons
  6 giant newts
  4 goblins
  15 kobolds
  8 rats
  3 crawling corpses
  5 plants
2382 creatures vanquished.

Vanquished Creatures (collateral kills)
  A deep elf archer (Zig:10)
1 creature vanquished.

Vanquished Creatures (others)
  2 fire giants
  A hydra (D:14)
  14 death scarabs (Tomb:2)
  A deep elf knight (Elf:1)
  A swamp dragon (Zig:11)
  A hydra zombie (Tomb:2)
  An ettin zombie (Tomb:2)
  A flying skull (Tomb:2)
  An ogre (Vaults:4)
  A boggart (Vaults:2)
  A bush (Lair:4)
  18 fungi
  10 plants
  2 starspawn tentacles (Abyss:2)
55 creatures vanquished.

Grand Total: 2438 creatures vanquished

Notes
Turn   | Place    | Note
-------+----------+-------------------------------------------
     0 | D:1      | 4thArraOfDagon the Felid Wanderer began the quest for the Orb.
     0 | D:1      | 4thArraOfDagon set off with: a potion of haste, a scroll of blinking, a potion of lignification, a scroll of teleportation, a meat ration
     0 | D:1      | Reached XP level 1. HP: 10/10 MP: 2/2
    40 | D:1      | Reached skill level 3 in Stealth
    57 | D:1      | Reached XP level 2. HP: 3/14 MP: 3/3
   271 | D:3      | Found an opulent altar of Gozag.
   271 | D:3      | Found an iron altar of Okawaru.
   300 | D:3      | Noticed a water moccasin
   362 | D:3      | Reached XP level 3. HP: 17/17 MP: 4/4
   374 | D:3      | Killed a water moccasin
   374 | D:3      | Reached skill level 4 in Stealth
   374 | D:3      | Reached XP level 4. HP: 21/21 MP: 5/5
   374 | D:3      | Reached XP level 5. HP: 24/24 MP: 6/6
   683 | D:4      | Noticed an ogre
   698 | D:5      | Entered Level 5 of the Dungeon
   752 | D:5      | Found Nunt's Distillery.
   755 | D:5      | Bought 2 potions of might for 80 gold pieces
   784 | D:5      | Noticed Duvessa
   784 | D:5      | Noticed Dowan
   971 | D:3      | Gained mutation: You are covered in thick fur. (AC +2) [Felid growth]
   971 | D:3      | Reached XP level 6. HP: 5/28 MP: 7/7
  1019 | D:5      | Found Upsir's Antique Weapon Shop.
  1074 | D:5      | Reached skill level 5 in Stealth
  1132 | D:5      | Found Ekkiets's Food Shop.
  1166 | D:5      | Reached skill level 5 in Unarmed Combat
  1194 | D:5      | Found a staircase to the Ecumenical Temple.
  1205 | D:5      | Found Sysof's Food Shoppe.
  1211 | Temple   | Entered the Ecumenical Temple
  1221 | Temple   | Became a worshipper of Uskayaw the Reveler
  1246 | D:5      | Reached * piety under Uskayaw
  1251 | D:5      | Reached ** piety under Uskayaw
  1350 | D:6      | Found a stormy altar of Qazlal.
  1350 | D:6      | Noticed an air elemental
  1350 | D:6      | Noticed a sky beast
  1352 | D:6      | Killed a sky beast
  1352 | D:6      | Reached skill level 5 in Dodging
  1352 | D:6      | Reached skill level 1 in Invocations
  1359 | D:6      | Noticed a fire elemental
  1386 | D:6      | Noticed an orc warrior
  1415 | D:6      | Noticed a water elemental
  1438 | D:6      | Found a glowing drain.
  1463 | Sewer    | Entered a sewer
  1521 | Sewer    | Reached XP level 7. HP: 31/31 MP: 9/9
  1565 | Sewer    | Gained mutation: You are partially covered in rough black scales. (AC +4, Dex -1) [mutagenic meat]
  1568 | Sewer    | Gained mutation: You are partially covered in thin metallic scales. (AC +2) [mutagenic meat]
  1571 | Sewer    | Gained mutation: Your body sometimes deteriorates upon taking damage. [mutagenic meat]
  1577 | Sewer    | Gained mutation: Your spells are a little harder to cast, but a little more powerful. [mutagenic meat]
  1580 | Sewer    | Gained mutation: Your flesh is heat resistant. (rF+) [mutagenic meat]
  3015 | D:5      | Reached *** piety under Uskayaw
  3016 | D:5      | Reached skill level 6 in Stealth
  3210 | D:5      | Bought a potion of agility for 40 gold pieces
  3210 | D:5      | Bought a potion of lignification for 30 gold pieces
  3210 | D:5      | Bought a potion of heal wounds for 50 gold pieces
  3210 | D:5      | Bought a potion of heal wounds for 50 gold pieces
  3210 | D:5      | Bought 2 potions of degeneration for 20 gold pieces
  3464 | D:6      | Found a sacrificial altar of Ru.
  3464 | D:6      | Found a snail-covered altar of Cheibriados.
  3518 | D:7      | Found a shadowy altar of Dithmenos.
  3527 | D:7      | Noticed a hungry ghost
  3542 | D:7      | Killed a hungry ghost
  3542 | D:7      | Reached XP level 8. HP: 17/36 MP: 9/11
  3543 | D:7      | Reached **** piety under Uskayaw
  3791 | D:7      | Found a flagged portal.
  3809 | Bailey   | Entered a bailey
  3827 | Bailey   | Reached skill level 7 in Stealth
  3829 | Bailey   | Noticed an orc knight
  4044 | D:7      | Reached XP level 9. HP: 28/39 MP: 12/12
  4046 | D:7      | Reached skill level 8 in Stealth
  4054 | D:7      | Reached skill level 5 in Fighting
  4226 | D:8      | Found a staircase to the Lair.
  4457 | D:9      | Slain by a wyvern zombie
  4458 | D:9      | Reached XP level 8. HP: -4/37 MP: 12/12
  4507 | D:10     | Entered Level 10 of the Dungeon
  4507 | D:10     | Found Orhen's Magic Scroll Boutique.
  4515 | D:10     | Bought a scroll of identify for 24 gold pieces
  4515 | D:10     | Bought 3 scrolls of identify for 72 gold pieces
  4515 | D:10     | Bought a scroll of identify for 24 gold pieces
  4522 | D:10     | Noticed a hill giant
  4774 | D:10     | Noticed Maurice
  4778 | D:10     | Noticed a hill giant
  4788 | D:11     | Noticed a hill giant
  4792 | D:11     | Noticed a hill giant
  4794 | D:11     | Killed a hill giant
  4794 | D:11     | Reached skill level 9 in Stealth
  4794 | D:11     | Reached XP level 9. HP: 41/41 MP: 13/13
  4803 | D:11     | Killed a hill giant
  4803 | D:11     | Reached skill level 5 in Invocations
  4850 | D:11     | Learned a level 3 spell: Regeneration
  4853 | D:11     | Learned a level 2 spell: Shroud of Golubria
  4856 | D:11     | Learned a level 2 spell: Song of Slaying
  4922 | D:12     | Noticed an orc knight
  5048 | D:14     | Noticed a four-headed hydra
  5048 | D:14     | Noticed a centaur warrior
  5052 | D:14     | Killed a four-headed hydra
  5062 | D:14     | Killed a centaur warrior
  5062 | D:14     | Reached XP level 10. HP: 37/46 MP: 15/15
  5066 | D:14     | Reached skill level 10 in Stealth
  5083 | D:14     | Learned a level 2 spell: Passwall
  5154 | D:14     | Noticed Fenrir042's ghost (journeyman MiBe)
  5177 | D:14     | Noticed a centaur warrior
  5218 | D:13     | Noticed a tengu warrior
  5223 | D:13     | Killed a tengu warrior
  5223 | D:13     | Reached skill level 10 in Unarmed Combat
  5385 | D:12     | Found Sogyutos's Jewellery Shop.
  5435 | D:12     | Gained mutation: You expend magic power (3 MP) to strengthen your wands. [mutagenic meat]
  5438 | D:12     | Gained mutation: You evolve. [mutagenic meat]
  5442 | D:12     | Lost mutation: You expend magic power (3 MP) to strengthen your wands. [mutagenic meat]
  5448 | D:12     | Gained mutation: You possess an exceptional clarity of mind. [mutagenic meat]
  5451 | D:12     | Lost mutation: You possess an exceptional clarity of mind. [mutagenic meat]
  5454 | D:12     | Gained mutation: You have a pair of small horns on your head. [mutagenic meat]
  5638 | D:12     | Noticed a cyclops
  5641 | D:12     | Killed a cyclops
  5685 | D:11     | Found a sparkling altar of Nemelex Xobeh.
  5707 | D:11     | Noticed a five-headed hydra
  5882 | D:10     | Noticed a cyclops
  5893 | D:10     | Killed a cyclops
  5909 | D:10     | Killed a hill giant
  5909 | D:10     | Reached XP level 11. HP: 50/50 MP: 16/16
  5911 | D:10     | Killed Maurice
  5911 | D:10     | Reached skill level 10 in Dodging
  6052 | D:9      | Found a staircase to the Orcish Mines.
  6489 | D:7      | Reached skill level 11 in Stealth
  6600 | D:6      | Reached skill level 1 in Transmutations
  7156 | D:9      | Reached skill level 1 in Earth Magic
  7307 | D:9      | Reached skill level 1 in Spellcasting
  7412 | Orc:1    | Entered Level 1 of the Orcish Mines
  7426 | Orc:1    | Reached skill level 1 in Necromancy
  7586 | Orc:1    | Reached skill level 1 in Charms
  7596 | Orc:1    | Noticed an orc sorcerer
  7602 | Orc:1    | Killed an orc sorcerer
  7714 | Orc:2    | Entered Level 2 of the Orcish Mines
  7777 | Orc:2    | Noticed an orc knight
  7779 | Orc:2    | Noticed an orc sorcerer
  7828 | Orc:1    | Noticed an orc knight
  7829 | Orc:1    | Noticed an orc sorcerer
  7855 | Orc:2    | Found Xuopluro's Antique Weapon Shoppe.
  7855 | Orc:2    | Noticed an orc high priest
  7867 | Orc:2    | Killed an orc high priest
  8036 | Orc:1    | Slain by an orc warrior
  8037 | Orc:1    | Reached XP level 10. HP: -5/47 MP: 15/15
  8104 | Orc:2    | Noticed an oklob plant
  8108 | Orc:2    | Killed an oklob plant
  8170 | Orc:2    | Noticed a hill giant
  8182 | Orc:2    | Slain by an ogre
  8183 | Orc:2    | Reached XP level 9. HP: -1/43 MP: 11/14
  8500 | D:11     | Reached XP level 10. HP: 38/47 MP: 10/15
  8752 | D:12     | Bought the amulet of Goacvuo {Inacc rElec rC+ Str-5 Int+6} for 274 gold pieces
  8784 | D:12     | Noticed a hill giant
  8823 | D:10     | Bought a scroll of recharging for 114 gold pieces
  8918 | Lair:1   | Entered Level 1 of the Lair of Beasts
  9176 | Lair:1   | Noticed a torpor snail
  9217 | Lair:1   | Reached ***** piety under Uskayaw
  9244 | Lair:1   | Noticed a black mamba
  9266 | Lair:1   | Killed a black mamba
  9307 | Lair:1   | Reached skill level 5 in Transmutations
  9374 | Lair:1   | Killed a torpor snail
  9568 | Lair:1   | Noticed Grum
  9602 | Lair:1   | Reached XP level 11. HP: 32/50 MP: 1/16
  9926 | Lair:2   | Learned a level 6 spell: Statue Form
 10128 | Lair:3   | Reached skill level 5 in Earth Magic
 10427 | Lair:3   | Identified a scroll of acquirement
 10432 | Lair:3   | Found a hole to the Spider Nest.
 10734 | D:12     | Bought the ring of Robustness {AC+8} for 1792 gold pieces
 10966 | Lair:2   | Noticed a spriggan rider
 10987 | Lair:2   | Killed a spriggan rider
 11135 | Lair:4   | Gained mutation: Your thick and shaggy fur keeps you warm. (AC +3, rC+) [Felid growth]
 11135 | Lair:4   | Reached XP level 12. HP: 54/54 MP: 16/20
 11214 | Lair:4   | Found a staircase to the Shoals.
 11352 | Lair:4   | Noticed a seven-headed hydra
 11548 | Lair:5   | Found a labyrinth entrance.
 11565 | Lair:5   | Yermak: wtf with your AC?
 11566 | Lair:5   | 4thArraOfDagon: :D
 11567 | Lab      | Entered a labyrinth
 11574 | Lab      | 4thArraOfDagon: +6
 11574 | Lab      | 4thArraOfDagon: and robust ring
 11574 | Lab      | Yermak: darn
 11574 | Lab      | 4thArraOfDagon: so thats clean +14
 11882 | Lab      | Noticed a minotaur
 11959 | Lab      | Killed a minotaur
 11959 | Lab      | Reached skill level 5 in Spellcasting
 11985 | Lair:5   | Noticed a death yak
 11987 | Lair:5   | Noticed a death yak
 11987 | Lair:5   | Noticed a death yak
 11988 | Lair:5   | Noticed a death yak
 11988 | Lair:5   | Noticed a death yak
 11990 | Lair:5   | Noticed a death yak
 11997 | Lair:5   | Killed a death yak
 11999 | Lair:5   | Killed a death yak
 11999 | Lair:5   | Killed a death yak
 12000 | Lair:5   | Killed a death yak
 12000 | Lair:5   | Killed a death yak
 12007 | Lair:5   | Yermak: Petrify is actually cool thing when you already training Statueform.
 12007 | Lair:5   | Killed a death yak
 12010 | Lair:5   | Reached ****** piety under Uskayaw
 12118 | Lair:5   | Reached skill level 10 in Transmutations
 12163 | Lair:5   | Noticed a four-headed hydra
 12169 | Lair:5   | Killed a four-headed hydra
 12233 | Lair:5   | Found a runed door.
 12233 | Lair:5   | Found a viscous altar of Jiyva.
 12234 | Lair:5   | Found a staircase to the Slime Pits.
 12245 | Lair:6   | Entered Level 6 of the Lair of Beasts
 12305 | Lair:6   | Learned a level 7 spell: Dragon Form
 12389 | Lair:6   | Reached XP level 13. HP: 57/57 MP: 12/23
 12502 | Lair:6   | Noticed a dire elephant
 12502 | Lair:6   | Noticed a dire elephant
 12514 | Lair:6   | Killed a dire elephant
 12525 | Lair:6   | Killed a dire elephant
 12577 | Lair:6   | Noticed a dire elephant
 12583 | Lair:6   | Noticed a dire elephant
 12583 | Lair:6   | Noticed a dire elephant
 12608 | Lair:6   | Killed a dire elephant
 12618 | Lair:6   | Killed a dire elephant
 12630 | Lair:6   | Killed a dire elephant
 12645 | Lair:6   | Noticed a dire elephant
 12713 | Lair:6   | Killed a dire elephant
 13017 | Lair:6   | Noticed Protee's ghost (journeyman DrTm)
 13019 | Lair:6   | Lost mutation: Your body sometimes deteriorates upon taking damage. [evolution]
 13543 | Orc:2    | Found a staircase to the Elven Halls.
 13748 | Orc:2    | Noticed an orc warlord
 13772 | Orc:2    | Killed an orc warlord
 13845 | Orc:2    | Reached skill level 10 in Earth Magic
 14004 | Orc:2    | Reached XP level 14. HP: 61/61 MP: 18/25
 14012 | Orc:2    | Found Bitaun's Book Emporium.
 14013 | Orc:2    | Found Ettocio's Book Shop.
 14019 | Orc:2    | Found Kiomiub's Assorted Antiques.
 14032 | Orc:2    | Found Qaig's Gadget Shop.
 14059 | Orc:2    | Bought a potion of ambrosia for 200 gold pieces
 14059 | Orc:2    | Bought an iron wand for 100 gold pieces
 14059 | Orc:2    | Bought a scroll of identify for 50 gold pieces
 14059 | Orc:2    | Bought a potion of brilliance for 100 gold pieces
 14059 | Orc:2    | Bought a potion of might for 100 gold pieces
 14059 | Orc:2    | Bought a notched bronze ring for 125 gold pieces
 14084 | Orc:2    | Bought a book of Cantrips for 220 gold pieces
 14086 | Orc:2    | Learned a level 1 spell: Apportation
 14088 | Orc:2    | Learned a level 1 spell: Animate Skeleton
 14202 | Orc:1    | Found a roughly hewn altar of Beogh.
 14498 | D:5      | Bought a potion of resistance for 100 gold pieces
 14498 | D:5      | Bought a potion of agility for 40 gold pieces
 14498 | D:5      | Bought a potion of brilliance for 40 gold pieces
 14498 | D:5      | Bought a potion of curing for 30 gold pieces
 14498 | D:5      | Bought a potion of brilliance for 40 gold pieces
 14498 | D:5      | Bought a potion of magic for 80 gold pieces
 14498 | D:5      | Bought a potion of curing for 30 gold pieces
 14498 | D:5      | Bought a potion of curing for 30 gold pieces
 14498 | D:5      | Bought a potion of curing for 30 gold pieces
 14656 | Spider:1 | Entered Level 1 of the Spider Nest
 14806 | Spider:2 | Noticed an entropy weaver
 14817 | Spider:2 | Killed an entropy weaver
 14890 | Spider:2 | Noticed an entropy weaver
 14926 | Spider:2 | Killed an entropy weaver
 15118 | Spider:4 | Entered Level 4 of the Spider Nest
 15138 | Spider:4 | Reached skill level 12 in Stealth
 15689 | Spider:2 | Noticed Aizul
 15774 | Spider:2 | Reached XP level 15. HP: 59/64 MP: 11/26
 15936 | Spider:4 | WHERE
 16081 | Spider:4 | Noticed a ghost moth
 16088 | Spider:4 | Reached skill level 13 in Stealth
 16100 | Spider:4 | Killed a ghost moth
 16166 | Spider:4 | Got a gossamer rune of Zot
 16185 | Spider:4 | Gained mutation: Your muscles are strong. (Str +2) [evolution]
 16344 | Spider:2 | Killed Aizul
 16398 | Shoals:1 | Entered Level 1 of the Shoals
 16632 | Shoals:1 | Found a frozen archway.
 16654 | IceCv    | Entered an ice cave
 17160 | Shoals:3 | Found Kysmaleu's Gadget Emporium.
 17176 | Shoals:4 | Entered Level 4 of the Shoals
 17198 | Shoals:4 | Marenglen: Horncat, woo!
 17350 | Shoals:4 | Got a barnacled rune of Zot
 17392 | Shoals:4 | Reached XP level 16. HP: 69/69 MP: 15/27
 17401 | Shoals:4 | Learned a level 4 spell: Passage of Golubria
 17416 | Shoals:4 | Reached skill level 14 in Stealth
 17416 | Shoals:4 | Reached skill level 1 in Translocations
 17550 | Shoals:4 | Noticed Ilsuiw
 17599 | Shoals:2 | Noticed Nikola
 17602 | Shoals:2 | Killed Nikola
 17622 | Shoals:2 | Noticed Donald
 17642 | Shoals:2 | Killed Donald
 17749 | Shoals:2 | Reached skill level 15 in Unarmed Combat
 17776 | Shoals:2 | Reached skill level 5 in Translocations
 17839 | Shoals:2 | Noticed Polyphemus
 17904 | Shoals:2 | Reached skill level 10 in Invocations
 17923 | Shoals:2 | Killed Polyphemus
 18153 | Elf:1    | Entered Level 1 of the Elven Halls
 18240 | Elf:1    | Noticed an Ice Fiend
 18596 | Elf:1    | Gained mutation: Your mind is acute. (Int +2) [evolution]
 18622 | Elf:1    | Identified the amulet "Coliriuh" {Gourm rElec rN+++ Int-5 Dex-5} (You found it on level 1 of the Elven Halls)
 18623 | Elf:1    | :O
 18754 | Elf:2    | Reached skill level 15 in Stealth
 18788 | Elf:2    | Found a radiant altar of Vehumet.
 18914 | Elf:2    | Reached XP level 17. HP: 72/72 MP: 18/28
 18968 | Elf:3    | Entered Level 3 of the Elven Halls
 19133 | Elf:3    | Noticed Asterion
 19162 | Elf:3    | Killed Asterion
 19304 | Elf:3    | Noticed a deep elf blademaster
 19308 | Elf:3    | Killed a deep elf blademaster
 19308 | Elf:3    | Reached skill level 10 in Translocations
 19337 | Elf:3    | Noticed a deep elf blademaster
 19342 | Elf:3    | Killed a deep elf blademaster
 19354 | Elf:3    | Reached skill level 15 in Dodging
 19387 | Elf:3    | Noticed a Brimstone Fiend
 19416 | Elf:3    | Identified the amulet "Ceugomug" {Harm *Drain Str+2 Slay+4} (You took it off a deep elf annihilator on level 3 of the Elven Halls)
 19446 | Elf:3    | Noticed a deep elf master archer
 19584 | Elf:3    | Identified the ring of Pavodeu {Dex+4 Stlth-} (You took it off a deep elf elementalist on level 3 of the Elven Halls)
 19587 | Elf:3    | Identified the ring "Fonuix" {rPois rF- Str+4 Stlth+} (You took it off a deep elf demonologist on level 3 of the Elven Halls)
 19639 | Elf:3    | Killed a deep elf master archer
 19669 | Elf:3    | Noticed a deep elf master archer
 19673 | Elf:3    | Noticed a Brimstone Fiend
 19675 | Elf:3    | Killed a deep elf master archer
 19730 | Elf:3    | Learned a level 2 spell: Sublimation of Blood
 19737 | Elf:3    | Got a twitching tin amulet
 19758 | Elf:3    | Identified the Reference Book on Dusty Calling (You found it on level 3 of the Elven Halls)
 19931 | D:9      | Upgraded the game from 0.19-a0-1019-g9c6a58d to 0.19-a0-1021-g80cc50c
 20029 | D:13     | Found Inorun's Demolitions Depot.
 20228 | D:14     | Killed Fenrir042's ghost
 20400 | Orc:2    | Bought an Akashic Record for 1104 gold pieces
 20483 | D:9      | Gained mutation: You are partially covered in icy blue scales. (AC +1) [evolution]
 20483 | D:9      | Lost mutation: You evolve. [end of evolution]
 20670 | D:15     | Entered Level 15 of the Dungeon
 20689 | D:15     | Noticed Nessos
 20707 | D:15     | Killed Nessos
 20813 | D:15     | Found a glowing silver altar of Zin.
 20911 | D:15     | Reached skill level 16 in Stealth
 20915 | D:15     | Reached XP level 18. HP: 76/76 MP: 26/30
 20938 | D:15     | Found a staircase to the Depths.
 20950 | Depths:1 | Entered Level 1 of the Depths
 20952 | Depths:1 | Found a shattered altar of Ashenzari.
 21074 | Depths:1 | Found a one-way gate leading to the halls of Pandemonium.
 21385 | Depths:4 | Identified the amulet "Kar Jacs" {Inacc rPois rF- MR+ Dex+7} (You found it on level 3 of the Elven Halls)
 21391 | Depths:4 | Found a one-way gate to the infinite horrors of the Abyss.
 21397 | Depths:4 | Noticed a lich
 21401 | Depths:4 | Killed a lich
 21406 | Depths:5 | Entered Level 5 of the Depths
 21444 | Depths:5 | Splashed by a yellow draconian's acid
 21445 | Depths:5 | Reached XP level 17. HP: 0/72 MP: 15/30
 21660 | Depths:5 | Reached skill level 17 in Stealth
 21680 | Depths:5 | Reached XP level 18. HP: 68/76 MP: 18/31
 22083 | Depths:5 | Found a gateway to Hell.
 22151 | Depths:5 | Noticed a bone dragon
 22159 | Depths:5 | Killed a bone dragon
 22176 | Depths:5 | Found a gate to the Realm of Zot.
 22639 | Depths:4 | Slain by a quicksilver dragon
 22640 | Depths:4 | Reached XP level 17. HP: -4/72 MP: 31/31
 22872 | Depths:4 | Killed a quicksilver dragon
 23027 | Depths:4 | Noticed a lich
 23029 | Depths:4 | Noticed a golden dragon
 23034 | Depths:4 | Killed a lich
 23037 | Depths:4 | Killed a golden dragon
 23169 | Depths:4 | Reached skill level 18 in Stealth
 23200 | Depths:4 | Noticed a quicksilver dragon
 23267 | Depths:3 | Reached skill level 10 in Spellcasting
 23272 | Depths:3 | Noticed a caustic shrike
 23283 | Depths:3 | Killed a caustic shrike
 23283 | Depths:3 | Reached XP level 18. HP: 76/76 MP: 23/33
 23372 | Depths:3 | Learned a level 8 spell: Controlled Blink
 23398 | Depths:3 | Noticed a tentacled monstrosity
 23407 | Depths:3 | Killed a tentacled monstrosity
 23429 | Depths:3 | Identified the Collected Works on Transformation (You found it on level 3 of the Depths)
 23433 | Depths:3 | Identified Kidosch's Reference Book on Creation (You found it on level 3 of the Depths)
 23774 | Depths:2 | Reached skill level 15 in Translocations
 24044 | Depths:2 | Found a runed door.
 24262 | Depths:2 | Noticed a juggernaut
 24427 | Depths:2 | Found a gateway to a ziggurat.
 24427 | Depths:2 | Noticed a caustic shrike
 24427 | Depths:2 | Noticed a golden dragon
 24450 | Depths:2 | Killed a golden dragon
 24450 | Depths:2 | Reached XP level 19. HP: 79/79 MP: 23/34
 24468 | Zig:1    | Entered Level 1 of a ziggurat
 24487 | Zig:2    | Entered Level 2 of a ziggurat
 24562 | Zig:3    | Entered Level 3 of a ziggurat
 24584 | Zig:4    | Entered Level 4 of a ziggurat
 24608 | Zig:5    | Entered Level 5 of a ziggurat
 24681 | Zig:6    | Entered Level 6 of a ziggurat
 24685 | Zig:6    | Noticed a Killer Klown
 24685 | Zig:6    | Noticed a Killer Klown
 24689 | Zig:6    | Noticed a Killer Klown
 24706 | Zig:6    | Killed a Killer Klown
 24717 | Zig:6    | Killed a Killer Klown
 24727 | Zig:6    | Killed a Killer Klown
 24750 | Zig:7    | Entered Level 7 of a ziggurat
 24752 | Zig:7    | Noticed an ancient lich
 24764 | Depths:2 | Reached XP level 20. HP: 81/83 MP: 11/35
 24807 | Depths:2 | Gained mutation: You are frail. (-10% HP) [mutagenic glow]
 24894 | Depths:2 | Killed a caustic shrike
 24899 | Depths:2 | Got a ring of the Octopus King
 24900 | Depths:2 | Identified a ring of the Octopus King {AC+1 EV+1 Str+1 Int+1 Dex+1 SInv} (You found it on level 2 of the Depths)
 25068 | Depths:2 | Killed a juggernaut
 25595 | Depths:2 | Reached XP level 21. HP: 77/77 MP: 22/36
 26125 | D:13     | Found a gate to the Vaults.
 26173 | Vaults:1 | Entered Level 1 of the Vaults
 26271 | Vaults:1 | Found Oleaq's Food Emporium.
 26399 | Vaults:2 | Noticed Frederick
 26412 | Vaults:2 | Killed Frederick
 27264 | Vaults:4 | Reached XP level 22. HP: 81/81 MP: 33/37
 27511 | Vaults:5 | Entered Level 5 of the Vaults
 27575 | Vaults:5 | Noticed an ancient lich
 27577 | Vaults:5 | Killed an ancient lich
 27580 | Vaults:5 | Noticed a golden dragon
 27590 | Vaults:5 | Killed a golden dragon
 27934 | Vaults:5 | Identified the Reference Book on Warped Cold (You found it on level 5 of the Vaults)
 28040 | Vaults:5 | Reached skill level 10 in Fighting
 28090 | Vaults:5 | Reached XP level 23. HP: 90/90 MP: 38/38
 28224 | Vaults:5 | Got a silver rune of Zot
 28374 | Vaults:5 | Learned a level 6 spell: Deflect Missiles
 28846 | Vaults:2 | Found a radiant altar of Vehumet.
 29046 | Vaults:2 | Found Xuproukk's Distillery.
 29057 | Vaults:2 | Bought 2 potions of brilliance for 144 gold pieces
 29057 | Vaults:2 | Bought a potion of magic for 144 gold pieces
 29057 | Vaults:2 | Bought a potion of flight for 54 gold pieces
 29057 | Vaults:2 | Bought a potion of brilliance for 72 gold pieces
 29057 | Vaults:2 | Bought a potion of curing for 54 gold pieces
 29057 | Vaults:2 | Bought a potion of curing for 54 gold pieces
 29057 | Vaults:2 | Bought a potion of ambrosia for 144 gold pieces
 29057 | Vaults:2 | Bought a potion of curing for 54 gold pieces
 29094 | Vaults:2 | Found a staircase to the Crypt.
 29119 | Crypt:1  | Entered Level 1 of the Crypt
 29143 | Crypt:1  | Reached skill level 15 in Fighting
 29195 | Crypt:2  | Noticed Mennas
 29230 | Crypt:2  | Killed Mennas
 29266 | Crypt:3  | Entered Level 3 of the Crypt
 29458 | Crypt:3  | Noticed Boris
 29462 | Crypt:3  | Killed Boris
 29484 | Crypt:3  | Noticed Saint Roka
 29487 | Crypt:3  | Noticed Khufu
 29487 | Crypt:3  | Noticed a greater mummy
 29502 | Crypt:3  | Noticed an ancient lich
 29507 | Crypt:3  | Killed an ancient lich
 29507 | Crypt:3  | Reached XP level 24. HP: 76/103 MP: 38/38
 29527 | Crypt:3  | Found a basalt altar of Yredelemnul.
 29546 | Crypt:3  | Killed Saint Roka
 29577 | Crypt:3  | Identified the Catalogue of Stolen Souls (You found it on level 3 of the Crypt)
 29631 | Crypt:3  | Killed a greater mummy
 29642 | Crypt:3  | Killed Khufu
 29871 | Crypt:3  | Found a staircase to the Tomb.
 29886 | Tomb:1   | Entered Level 1 of the Tomb of the Ancients
 30392 | Tomb:1   | Noticed a greater mummy
 30398 | Tomb:1   | Killed a greater mummy
 30433 | Tomb:2   | Noticed a greater mummy
 30435 | Tomb:2   | Noticed a greater mummy
 30464 | Tomb:1   | Noticed a greater mummy
 30476 | Tomb:1   | Killed a greater mummy
 30506 | Tomb:1   | Noticed a greater mummy
 30518 | Tomb:1   | Killed a greater mummy
 30533 | Tomb:1   | Noticed a greater mummy
 30545 | Tomb:1   | Killed a greater mummy
 30547 | Tomb:1   | Noticed a greater mummy
 30551 | Tomb:1   | Noticed a greater mummy
 30552 | Tomb:1   | Noticed a greater mummy
 30552 | Tomb:1   | Killed a greater mummy
 30555 | Tomb:1   | Killed a greater mummy
 30556 | Tomb:1   | Killed a greater mummy
 30586 | Tomb:1   | Noticed a greater mummy
 30600 | Tomb:1   | Killed a greater mummy
 30621 | Tomb:1   | Noticed a greater mummy
 30641 | Tomb:1   | Killed a greater mummy
 30644 | Tomb:1   | Noticed a greater mummy
 30657 | Tomb:1   | Killed a greater mummy
 30657 | Tomb:1   | Reached XP level 25. HP: 112/114 MP: 37/38
 30661 | Tomb:1   | Noticed a greater mummy
 30672 | Tomb:1   | Killed a greater mummy
 30701 | Tomb:1   | Noticed a greater mummy
 30704 | Tomb:1   | Noticed a greater mummy
 30707 | Tomb:1   | Noticed a greater mummy
 30707 | Tomb:1   | Killed a greater mummy
 30709 | Tomb:1   | Killed a greater mummy
 30710 | Tomb:1   | Killed a greater mummy
 30744 | Tomb:1   | Noticed a greater mummy
 30748 | Tomb:1   | Noticed a greater mummy
 30759 | Tomb:1   | Killed a greater mummy
 30919 | Tomb:1   | Killed a greater mummy
 31018 | Tomb:1   | Noticed a greater mummy
 31034 | Tomb:1   | Killed a greater mummy
 31046 | Tomb:1   | Noticed a greater mummy
 31059 | Tomb:1   | Killed a greater mummy
 31138 | Tomb:3   | Entered Level 3 of the Tomb of the Ancients
 31201 | Tomb:3   | Noticed an ancient lich
 31267 | Tomb:3   | Noticed a greater mummy
 31324 | Tomb:3   | Noticed a greater mummy
 31330 | Tomb:2   | Killed an ancient lich
 31442 | Tomb:2   | Killed a greater mummy
 31568 | Tomb:3   | Noticed a greater mummy
 31575 | Tomb:2   | Killed a greater mummy
 31696 | Tomb:2   | Killed a greater mummy
 31743 | Tomb:3   | Noticed a greater mummy
 31743 | Tomb:3   | Noticed a greater mummy
 31746 | Tomb:3   | Noticed a greater mummy
 31750 | Tomb:3   | Noticed a greater mummy
 31814 | Tomb:2   | Killed a greater mummy
 31876 | Tomb:2   | Killed a greater mummy
 31891 | Tomb:3   | Killed a greater mummy
 31896 | Tomb:3   | Noticed a greater mummy
 31907 | Tomb:3   | Killed a greater mummy
 31970 | Tomb:3   | arkorax: are those some mofoking horns 3?
 32021 | Tomb:3   | Got a golden rune of Zot
 32131 | Tomb:3   | Killed a greater mummy
 32131 | Tomb:3   | Reached skill level 19 in Stealth
 32173 | Tomb:2   | Noticed a greater mummy
 32654 | Pan      | Entered Pandemonium
 32700 | Pan      | Reached skill level 20 in Stealth
 32700 | Pan      | Reached XP level 26. HP: 123/123 MP: 33/38
 32720 | Pan      | Found an exit through the horrors of the Abyss.
 32755 | Pan      | Noticed Refakk the pandemonium lord
 32763 | Pan      | Took an exit into the Abyss.
 32763 | Abyss:1  | Escaped into the Abyss
 32763 | Abyss:1  | Found a corrupted altar of Lugonu.
 32820 | Abyss:2  | Found a corrupted altar of Lugonu.
 33148 | Abyss:2  | Reached skill level 21 in Stealth
 33169 | Abyss:2  | Turgon: &dump 4thArraOfDagon
 33171 | Abyss:2  | beem: http://CRAWL.XTAHUA.COM/crawl/morgue/4thArraOfDagon/4thArraOfDagon.txt
 33243 | Abyss:2  | Found a corrupted altar of Lugonu.
 33354 | Abyss:3  | Reached skill level 22 in Stealth
 33366 | Abyss:3  | Turgon: @? meliai
 33367 | Abyss:3  | beem: meliai (y)
                  | Spd:
    20 | HD: 7    | HP: 21-29
                  | AC/EV: 4/14
                  | Dam: 14, 12(poison:14-28)
                  | weapons, items, doors, priest, evil, fly
                  | Res: magic(20)
                  | Vul: poison, holy
                  | Chunks: noxious
                  | XP: 300
                  | Sp: smiting (7-17) [!AM], heal other (2d3+3) [!AM]
                  | Sz: small
                  | Int: human.
 33378 | Abyss:3  | Got an abyssal rune of Zot
 33384 | Abyss:3  | Turgon: ?? meliai
 33384 | Abyss:3  | beem: meliai[1/1]: Bee priestesses that come in trios in late D (and beehive vaults, including some very large ones in Lair:5- and D:13-), with one-handed axes, Smiting, and Heal Other. Kind of scary, especially when a queen bee berserks them.
 33390 | Abyss:3  | arkorax: these motherfuckers are terrible
 33391 | Depths:1 | Escaped the Abyss
 33393 | Pan      | Entered Pandemonium
 33400 | Pan      | Turgon: first time I see them
 33430 | Pan      | arkorax: they are bad
 33435 | Pan      | arkorax: like smiting bees
 33442 | Pan      | arkorax: with weapons
 33467 | Pan      | arkorax: and they can spawn in packs in dungeon
 33498 | Pan      | Reached skill level 23 in Stealth
 33520 | Pan      | Gained mutation: You occasionally shout uncontrollably at your foes. [a cacodemon]
 33561 | Pan      | Noticed Wuhu the pandemonium lord
 33568 | Pan      | Gained mutation: You sometimes yell uncontrollably at your foes. [a cacodemon]
 33573 | Pan      | Gained mutation: You are very frail. (-20% HP) [a cacodemon]
 33577 | Pan      | Killed Wuhu the pandemonium lord
 33581 | Pan      | Reached skill level 24 in Stealth
 33708 | Pan      | Found an exit through the horrors of the Abyss.
 33752 | Pan      | Lost mutation: Your muscles are strong. (Str +2) [a cacodemon]
 33753 | Pan      | Reached skill level 25 in Stealth
 33775 | Pan      | Turgon: Strange piety system with Uskayaw
 33782 | Pan      | Noticed Sorygusu the pandemonium lord
 33908 | Pan      | arkorax: he is a great god
 33911 | Pan      | arkorax: insta kill shit
 33912 | Pan      | Noticed Liusis Lone the pandemonium lord
 34011 | Pan      | Gained mutation: You expend magic power (3 MP) to strengthen your wands. [a cacodemon]
 34022 | Pan      | Reached skill level 26 in Stealth
 34186 | Pan      | Lost mutation: Your mind is acute. (Int +2) [a neqoxec]
 34258 | Pan      | Got a demonic rune of Zot
 34259 | Pan      | Found a runed door.
 34295 | Pan      | Found an exit through the horrors of the Abyss.
 34383 | Pan      | Found an exit through the horrors of the Abyss.
 34512 | Pan      | Reached skill level 15 in Invocations
 34734 | Pan      | Found a runed door.
 34741 | Pan      | Found a runed door.
 34742 | Pan      | Found a runed door.
 34749 | Pan      | Entered the realm of Gloorx Vloq.
 34749 | Pan      | Found an exit through the horrors of the Abyss.
 34870 | Pan      | HP: 3/141 [Executioner (20)]
 34874 | Pan      | Demolished by an Executioner
 34875 | Pan      | Reached XP level 25. HP: -17/105 MP: 23/38
 34939 | Zig:1    | Entered Level 1 of a ziggurat
 34953 | Zig:2    | Entered Level 2 of a ziggurat
 34956 | Zig:2    | Noticed Valoadeo the pandemonium lord
 34960 | Zig:2    | Killed Valoadeo the pandemonium lord
 34960 | Zig:2    | Reached XP level 26. HP: 109/109 MP: 33/38
 34973 | Zig:3    | Entered Level 3 of a ziggurat
 34976 | Zig:3    | Noticed Upopiuc the pandemonium lord
 34982 | Zig:3    | Demolished by Upopiuc the pandemonium lord
 34983 | Zig:3    | Reached XP level 25. HP: -17/136 MP: 30/38
 34990 | Zig:4    | Entered Level 4 of a ziggurat
 35047 | Zig:5    | Entered Level 5 of a ziggurat
 35081 | Zig:6    | Entered Level 6 of a ziggurat
 35133 | Zig:7    | Entered Level 7 of a ziggurat
 35199 | Zig:8    | Entered Level 8 of a ziggurat
 35208 | Zig:8    | Reached XP level 26. HP: 109/109 MP: 28/38
 35277 | Zig:9    | Entered Level 9 of a ziggurat
 35305 | Zig:9    | Noticed a juggernaut
 35314 | Zig:9    | Killed a juggernaut
 35341 | Zig:9    | Identified the amulet of the Eight Hells {Faith rPois rF+ Int-5 Slay+5} (You found it on level 9 of a ziggurat)
 35344 | Zig:9    | Identified the ring of Pineas {Wiz *Confuse Str+3 Int+3} (You found it on level 9 of a ziggurat)
 35350 | Zig:10   | Entered Level 10 of a ziggurat
 35403 | Zig:10   | HP: 1/141 [frost giant/bolt of cold (69)]
 35513 | Zig:10   | Identified the ring of the Ageless Places {*Tele rPois rC- Dex+4} (You found it on level 10 of a ziggurat)
 35541 | Zig:11   | Entered Level 11 of a ziggurat
 35626 | Zig:12   | Entered Level 12 of a ziggurat
 35645 | Zig:12   | Killed from afar by a daeva

Vault maps used:
D:1:      sevenhm_arrival_forest_fort_small_4, hangedman_decor_peaks_small,
          st_stairs_3
D:3:      nicolae_overflow_hidden_temple, patterned_corridor
D:4:      kennysheep_generic_room_4
D:5:      minmay_diamond_boxcup, first_bread, serial_shops, shop_statue,
          kennysheep_little_box, shop_fountains, nicolae_shop_statue_plus,
          uniq_duvessa
D:6:      gammafunk_temple_overflow_elements, portal_sewer_entry_b,
          nicolae_qazlal_style_of_elements
D:7:      nicolae_dithmenos_through_a_glass_darkly, enter_bailey_8
D:9:      kennysheep_orc_monster_closet_entryway
D:10:     minmay_cut_squares, serial_shops, shop_statue, uniq_maurice
D:11:     basic_altar
D:12:     serial_shops, nicolae_shop_behind_doors
D:13:     david_vaults_2, grunt_tengu_nest, nicolae_blasting_shop
D:15:     grunt_enter_depths_giant_problem, old_standard_altar, uniq_nessos
Temple:   eino_temple_rhombus
Lair:1:   grunt_megastairs_2, lemuel_fruit_tree, uniq_grum
Lair:2:   grunt_forest_large_clearings, bh_autumn_forest_stairs
Lair:3:   nicolae_spider_entry_tight_spaces, nicolae_quartered_pool_medium,
          roderic_carrion_pond
Lair:4:   shoals_dummy_entry, roderic_lost_polar_bear
Lair:5:   slime_altar_2, lab_entry_generic
Lair:6:   due_jungle_book
Shoals:1: portal_ice_cave_entry_ice_statue_one
Shoals:2: uniq_louise, uniq_nikola, uniq_donald, uniq_polyphemus
Shoals:3: serial_shops, nicolae_shop_trees
Shoals:4: shoals_end_simple, shoals_ilsuiw_ice
Spider:2: uniq_aizul
Spider:3: spider_trap, hangedman_spider_tarantella_strand
Spider:4: grunt_spider_rune_circles
Orc:1:    basic_altar
Orc:2:    st_orc_open, serial_shops, shop_fountains, mines3_lemuel
Elf:1:    hangedman_elf_represent
Elf:2:    basic_altar, nrook_mini_backslash, hangedman_elf_power_crystal,
          due_unseen_surprise
Elf:3:    grunt_elf_hall_asides, serial_shops, nicolae_shop_waterfront,
          uniq_asterion
Vaults:1: v_rooms_4, nicolae_vaults_twisting_passages, nicolae_vaults_triangles,
          hangedman_vaults_corner, st_greater_box_5, ontoclasm_vaults_fault,
          v_misc_1, hangedman_vaults_capsules, nicolae_vaults_little_squares_4,
          vaults_room_door_ring, serial_shops, shop
Vaults:2: nicolae_vaults_stairing_the_circle, minmay_crypt_entry_vampire_xt,
          nicolae_vaults_big_ls, grunt_tower_of_power, dpeg_vaults_monster_box,
          nicolae_vaults_alarming, hangedman_vaults_nails,
          nicolae_vaults_little_squares_4, ontoclasm_vaults_loading_screen,
          vaults_mumra_hex, hangedman_vaults_impose, serial_shops,
          nicolae_shop_competitors_out_of_business, uniq_frederick
Vaults:3: v_misc_25, vaults_room_large_hall, v_misc_28, vaults_mumra_minichess,
          hangedman_vaults_slither, v_misc_32, ontoclasm_vaults_ligature,
          v_alt_pattern_6, ontoclasm_vaults_gateway, vaults_room_hallway
Vaults:4: hangedman_vaults_stream, vaults_room_octagon,
          grunt_vaults_hallway_long, hangedman_vaults_corner_blocks, v_misc_14,
          nicolae_vaults_little_squares_4, grunt_vaults_twisty,
          ontoclasm_vaults_hangar, v_misc_5, serial_shops,
          nicolae_shop_overgrown_old_shop
Crypt:1:  nicolae_crypt_ancient_font, grunt_crypt_arrival_guarded_gate
Crypt:2:  basic_stair_grate_trap, uniq_jorgrun, uniq_mennas, uniq_xtahua
Crypt:3:  cryptofortress_bobbens, uniq_saint_roka, uniq_khufu, uniq_boris
Depths:1: hell_entry, pan_entry, serial_sigils_hangedman_carve,
          nicolae_ashenzari_panopticon, uniq_sojobo
Depths:2: box_level_dp, pan_entry, hell_entry
Depths:3: minmay_fractal_lines_corner, pf_hell_entry_great_geh,
          infiniplex_staircase_diamond, pan_entry, nrook_mini_vaults
Depths:4: kennysheep_bubble_arena, pan_entry, hell_entry,
          hangedman_decor_clover_reticule, abyss_entry, eino_curves_02
Depths:5: grunt_crosshair, hell_entry, hangedman_glass_teeth,
          minmay_parallelograms, minmay_misc_feat_rugged,
          hangedman_abyss_or_decor_lesser_grid
Abyss:3:  small_statue_intersection, evilmike_abyss_rune_tso_outpost,
          hangedman_abyss_stitches_cave
Pan:      grunt_pan_pentagram, pan_blood_fountain, pan_blood_fountain_small,
          nicolae_pan_mnolegish_3, reaverb_pan_squares, evilmike_mini_pan_3x3,
          nicolae_pan_gloorx_vloqian_4, rand_demon_9, nicolae_pan_glass_arcs,
          nicolae_pan_lom_lobonic_4, grunt_pan_spiral,
          regret_index_pan_draining_boxed, pan_blood_fountain, rand_demon_8,
          evilmike_mini_pan_pillars, lemuel_hall_of_pain, nicolae_pan_hourglass,
          pan_blood_fountain_small, grunt_pan_frozen_over, pan_blood_fountain_2,
          rand_demon_7, pan_blood_fountain_small, pan_blood_fountain,
          gloorx_vloq_grunt_torture_chamber
Zig:3:    ziggurat_pillar_centre_c
Zig:10:   ziggurat_pillar_centre_oklobs
Lab:      labyrinth_spiral, nicolae_lab_t_cross, lab_statue, nicolae_lab_garden
Sewer:    sewer_big_baddie
Bailey:   bailey_polearm_4, bailey
IceCv:    ice_cave_tombish

Skill      XL: |  1  2  3  4  5  6  7  8  9 10 11 12 13 14 15 16 17 18 19 20 21 22 23 24 25 26 |
---------------+-------------------------------------------------------------------------------+-----
Stealth        | 3 4 5 6 9 8 10 11 12 13 15 18 20 26 | 26.0
Dodging        | 3 4 5 6 8 9 10 12 13 14 17 18 22 25 | 25.0
Unarmed Combat | 4 5 6 9 8 10 11 13 14 15 16 18 | 18.1
Invocations    | 1 2 3 5 6 8 9 10 13 17 19 | 19.2
Fighting       | 4 6 7 11 16 20 23 | 23.3
Evocations     | 2 |  2.1
Transmutations | 5 8 10 12 | 12.3
Earth Magic    | 3 4 6 8 10 | 10.2
Spellcasting   | 3 4 6 7 10 9 | 10.2
Necromancy     | 3 2 |  3.7
Charms         | 4 2 |  4.0
Translocations | 8 11 18 20 23 | 23.0

Action                   |  1- 3 |  4- 6 |  7- 9 | 10-12 | 13-15 | 16-18 | 19-21 | 22-24 | 25-27 || total
-------------------------+-------+-------+-------+-------+-------+-------+-------+-------+-------++-------
Melee: Unarmed           |    30 |    97 |   332 |   926 |  1142 |  1148 |   518 |   926 |   911 ||  6030
       Bite              |     1 |     2 |    22 |    57 |    89 |   125 |    36 |    82 |    76 ||   490
       Punch             |       |       |    14 |    46 |    40 |    67 |    20 |    58 |    55 ||   300
       Headbutt          |       |       |     4 |   110 |   142 |   158 |    75 |   149 |   133 ||   771
 Cast: Regeneration      |       |       |     2 |    52 |    59 |   109 |    47 |    70 |   126 ||   465
       Shroud of Golubri |       |       |       |     1 |       |     1 |       |     1 |       ||     3
       Song of Slaying   |       |       |       |     1 |       |       |       |       |       ||     1
       Statue Form       |       |       |       |     3 |    52 |    78 |    34 |    43 |    60 ||   270
       Apportation       |       |       |       |       |     4 |     2 |     7 |     8 |    36 ||    57
       Passwall          |       |       |       |       |       |     2 |       |       |       ||     2
       Passage of Golubr |       |       |       |       |       |     2 |     3 |       |     2 ||     7
       Controlled Blink  |       |       |       |       |       |       |     4 |     2 |    22 ||    28
Invok: Stomp             |       |       |     2 |     1 |       |       |       |       |       ||     3
       Grand Finale      |       |       |       |       |       |       |     1 |     2 |     2 ||     5
 Abil: End Transformatio |       |       |       |       |       |     5 |     2 |     2 |    15 ||    24
Evoke: Wand              |       |       |     9 |    26 |    15 |    12 |     8 |     3 |    10 ||    83
       Sack of spiders   |       |       |       |     2 |       |     1 |       |       |       ||     3
       Lamp of fire      |       |       |       |     1 |     1 |       |       |       |     1 ||     3
       Phial of floods   |       |       |       |       |       |       |       |       |     1 ||     1
       Figurine of a zig |       |       |       |       |       |       |       |       |     1 ||     1
  Use: Potion            |     3 |     3 |     1 |    12 |    10 |     9 |     7 |     4 |     9 ||    58
       Scroll            |       |     3 |    12 |    19 |    10 |    17 |     5 |    10 |    10 ||    86
 Stab: Sleeping          |     7 |    11 |    32 |    49 |    17 |    38 |    38 |    22 |     3 ||   217
       Paralysed         |       |       |     9 |    49 |    55 |    81 |    63 |    81 |   100 ||   438
       Distracted        |       |       |     2 |     3 |     4 |     8 |     3 |     1 |     6 ||    27
       Invisible         |       |       |     3 |       |       |     2 |       |       |       ||     5
       Betrayed ally     |       |       |       |       |     1 |       |       |       |       ||     1
       Confused          |       |       |       |       |       |       |       |       |     1 ||     1
  Eat: Chunk             |     4 |     3 |    25 |    35 |    45 |    62 |    26 |    30 |    39 ||   269
       Pizza             |       |     1 |       |       |       |     1 |       |       |     1 ||     3
       Beef jerky        |       |       |       |       |     1 |     1 |       |       |       ||     2
       Royal jelly       |       |       |       |       |       |       |       |     2 |     3 ||     5
       Meat ration       |       |       |       |       |       |       |       |       |     2 ||     2
Armor: Skin              |     9 |     6 |    47 |   125 |   676 |   374 |   147 |   252 |   495 ||  2131
Dodge: Dodged            |    14 |    77 |   238 |   667 |  1940 |  1431 |   779 |  1341 |  2320 ||  8807
Block: Other             |       |       |     5 |   110 |   226 |    52 |       |       |       ||   393
       Reflection        |       |       |     1 |     1 |       |     7 |       |       |       ||     9
